| TOP OF THE 1ST |
|
State College Spikes batting - Pitching for West Virginia Black Bears : RHP Luis Flores
|
|
Pitching: RHP Luis Flores
|
|
|
Batting: RHB Juan Carrillo
|
0-0: Ball 1-0: Called Strike 1-1: Foul Ball, location: 2F 1-2: Foul Ball, location: 2F 1-2: Ball 2-2: Foul Ball, location: 2F 2-2: Hit by Pitch
|
|
Batting: RHB Ben Politi
|
0-0: Ball 1-0: Ball Juan Carrillo steals 2nd base 2-0: Ground out 6-3 (Groundball, 6, EV 85.6 MPH) Juan Carrillo to third
|
|
Batting: RHB Nelson Salamanca
|
0-0: Ball 1-0: Ball 2-0: SINGLE (Groundball, 4MD, EV 108.1 MPH) Juan Carrillo scores
|
|
Batting: LHB Ignacio Ocampo
|
0-0: Ball 1-0: Called Strike 1-1: Ball 2-1: Fly out, F7 (Flyball, 7LSF, EV 90.0 MPH)
|
|
Batting: RHB Shou-feng Chang
|
0-0: Ball 1-0: SINGLE (Groundball, 6MD, EV 104.4 MPH) Nelson Salamanca to second
|
|
Batting: SHB Bobby Mercado
|
0-0: Called Strike 0-1: Called Strike 0-2: Strikes out swinging
|
| Top of the 1st over - 1 run, 2 hits, 0 errors, 2 left on base; State College 1 - West Virginia 0 |
| BOTTOM OF THE 1ST |
|
West Virginia Black Bears batting - Pitching for State College Spikes : LHP Eddie San Miguel
|
|
Pitching: LHP Eddie San Miguel
|
|
|
Batting: LHB Norm Silveira-Wray
|
0-0: SINGLE (Groundball, 4, EV 102.5 MPH)
|
|
Batting: RHB Ryan LeSueur
|
0-0: Ball Norm Silveira-Wray steals 2nd base 1-0: Ball 2-0: Foul Ball, location: 2F 2-1: Foul Ball, location: 2F 2-2: Ball 3-2: Base on Balls
|
|
Batting: LHB Kazuyoshi Ikeda
|
0-0: Ball 1-0: Called Strike 1-1: Ball 2-1: Foul Ball, location: 2F 2-2: Ball 3-2: Fly out, F7 (Line Drive, 78M, EV 98.1 MPH)
|
|
Batting: RHB Edwardo Tanchez
|
0-0: Swinging Strike 0-1: Ball 1-1: Foul Ball, location: 2F 1-2: Ball 2-2: Strikes out looking
|
|
Batting: RHB Joe Bower
|
0-0: Ground out 6-3 (Groundball, P, EV 87.5 MPH)
|
| Bottom of the 1st over - 0 runs, 1 hit, 0 errors, 2 left on base; State College 1 - West Virginia 0 |
| TOP OF THE 2ND |
|
State College Spikes batting - Pitching for West Virginia Black Bears : RHP Luis Flores
|
|
Batting: LHB Ken Morehead
|
0-0: Called Strike 0-1: Called Strike 0-2: Ball 1-2: Foul Ball, location: 2F 1-2: Foul Ball, location: 2F 1-2: Strikes out swinging
|
|
Batting: SHB Justin Towry
|
0-0: Foul Ball, location: 2F 0-1: Ball 1-1: Called Strike 1-2: Foul Ball, location: 2F 1-2: Ball 2-2: Foul Ball, location: 2F 2-2: SINGLE (Groundball, 34D, EV 110.6 MPH)
|
|
Batting: LHB Mike East
|
0-0: Called Strike 0-1: Called Strike 0-2: Ball 1-2: Fly out, F7 (Flyball, 7D, EV 78.8 MPH)
|
|
Batting: RHB Juan Carrillo
|
0-0: SINGLE (Groundball, 34, EV 80.6 MPH) (infield hit) Justin Towry to second
|
|
Batting: RHB Ben Politi
|
0-0: Called Strike 0-1: Foul Ball, location: 2F 0-2: Strikes out swinging
|
| Top of the 2nd over - 0 runs, 2 hits, 0 errors, 2 left on base; State College 1 - West Virginia 0 |
| BOTTOM OF THE 2ND |
|
West Virginia Black Bears batting - Pitching for State College Spikes : LHP Eddie San Miguel
|
|
Batting: RHB Mike Weeks
|
0-0: Ground out 5-3 (Groundball, 56S, EV 86.2 MPH)
|
|
Batting: SHB Nathan Clement
|
0-0: Ball 1-0: Called Strike 1-1: Fly out, F3 (Popup, 23F, EV 73.1 MPH)
|
|
Batting: RHB Erik Mulligan
|
0-0: Ball 1-0: Fly out, F4 (Popup, 4, EV 69.4 MPH)
|
| Bottom of the 2nd over - 0 runs, 0 hits, 0 errors, 0 left on base; State College 1 - West Virginia 0 |
| TOP OF THE 3RD |
|
State College Spikes batting - Pitching for West Virginia Black Bears : RHP Luis Flores
|
|
Batting: RHB Nelson Salamanca
|
0-0: Ball 1-0: Ball 2-0: Called Strike 2-1: Ball 3-1: Called Strike 3-2: Base on Balls
|
|
Batting: LHB Ignacio Ocampo
|
0-0: Called Strike 0-1: Foul Ball, location: 2F 0-2: Foul Ball, location: 2F 0-2: Foul Ball, location: 2F 0-2: Foul Ball, location: 2F 0-2: Ball 1-2: Foul Ball, location: 2F 1-2: SINGLE (Groundball, 4MS, EV 68.8 MPH) (infield hit) Nelson Salamanca to second
|
|
Batting: RHB Shou-feng Chang
|
0-0: Called Strike 0-1: Swinging Strike 0-2: Ball 1-2: Ball 2-2: Foul Ball, location: 2F 2-2: SINGLE (Flyball, 34D, EV 90.0 MPH) Nelson Salamanca to third Ignacio Ocampo to second
|
|
Batting: SHB Bobby Mercado
|
0-0: Called Strike 0-1: SINGLE (Line Drive, 78M, EV 93.1 MPH) Nelson Salamanca scores Ignacio Ocampo to third Shou-feng Chang to second Runner from 3rd tries for Home, SAFE, throw by CF to home
|
|
Batting: LHB Ken Morehead
|
0-0: Called Strike 0-1: Ball 1-1: Ball 2-1: Ball 3-1: Foul Ball, location: 2F 3-2: Base on Balls Shou-feng Chang to third Bobby Mercado to second
|
|
Batting: SHB Justin Towry
|
0-0: Ball 1-0: Ball 2-0: Foul Ball, location: 2F 2-1: Ball 3-1: Base on Balls Shou-feng Chang scores Bobby Mercado to third Ken Morehead to second
|
|
Batting: LHB Mike East
|
0-0: Ball 1-0: Ball 2-0: Called Strike 2-1: Ball 3-1: Called Strike 3-2: Strikes out swinging
|
|
Pitching: RHP Randy Nelligan
|
|
|
Batting: RHB Juan Carrillo
|
0-0: Hit by Pitch Bobby Mercado scores Ken Morehead to third Justin Towry to second
|
|
Batting: RHB Ben Politi
|
0-0: Called Strike 0-1: Fielders Choice at 2nd, 5-4 (Groundball, 56S, EV 89.4 MPH) Ken Morehead scores Justin Towry to third
|
|
Batting: RHB Nelson Salamanca
|
0-0: Ball 1-0: Called Strike 1-1: Ball 2-1: Ball 3-1: Fielders Choice at 2nd, 6-4 (Groundball, 6, EV 85.6 MPH)
|
| Top of the 3rd over - 5 runs, 3 hits, 0 errors, 2 left on base; State College 6 - West Virginia 0 |
| BOTTOM OF THE 3RD |
|
West Virginia Black Bears batting - Pitching for State College Spikes : LHP Eddie San Miguel
|
|
Batting: RHB Ryan Thurston
|
0-0: Foul Ball, location: 2F 0-1: Foul Ball, location: 2F 0-2: Strikes out swinging
|
|
Batting: LHB Norm Silveira-Wray
|
0-0: Ball 1-0: Called Strike 1-1: Ball 2-1: SINGLE (Groundball, 56D, EV 108.8 MPH)
|
|
Batting: RHB Ryan LeSueur
|
0-0: Called Strike 0-1: Ball 1-1: Ball Passed Ball! Norm Silveira-Wray to second 2-1: Ball 3-1: Base on Balls
|
|
Batting: LHB Kazuyoshi Ikeda
|
0-0: Swinging Strike 0-1: Called Strike 0-2: Ball 1-2: Ball 2-2: Foul Ball, location: 2F 2-2: Strikes out swinging
|
|
Batting: RHB Edwardo Tanchez
|
0-0: Ball 1-0: Ball 2-0: Fly out, F3 (Popup, 34, EV 58.1 MPH)
|
| Bottom of the 3rd over - 0 runs, 1 hit, 0 errors, 2 left on base; State College 6 - West Virginia 0 |
| TOP OF THE 4TH |
|
State College Spikes batting - Pitching for West Virginia Black Bears : RHP Randy Nelligan
|
|
Batting: LHB Ignacio Ocampo
|
0-0: Ball 1-0: Ball 2-0: Hit by Pitch
|
|
Batting: RHB Shou-feng Chang
|
0-0: Ball 1-0: Swinging Strike 1-1: Ball 2-1: DOUBLE (Line Drive, 89M, EV 108.1 MPH) Ignacio Ocampo to third
|
|
Batting: SHB Bobby Mercado
|
0-0: Ball 1-0: Swinging Strike 1-1: Ball 2-1: Foul Ball, location: 2F 2-2: Ball 3-2: DOUBLE (Groundball, 5L, EV 98.1 MPH) Ignacio Ocampo scores Shou-feng Chang scores
|
|
Batting: LHB Ken Morehead
|
0-0: Called Strike 0-1: Called Strike 0-2: Strikes out looking
|
|
Batting: SHB Justin Towry
|
0-0: Ball 1-0: Called Strike 1-1: Ball 2-1: Ball 3-1: Fly out, F9 (Flyball, 89S, EV 96.2 MPH)
|
|
Batting: LHB Mike East
|
0-0: Ball 1-0: Foul Ball, location: 2F 1-1: Foul Ball, location: 2F 1-2: Foul Ball, location: 2F 1-2: Ball 2-2: Strikes out swinging
|
| Top of the 4th over - 2 runs, 2 hits, 0 errors, 1 left on base; State College 8 - West Virginia 0 |
| BOTTOM OF THE 4TH |
|
West Virginia Black Bears batting - Pitching for State College Spikes : LHP Eddie San Miguel
|
|
Batting: RHB Joe Bower
|
0-0: Ball 1-0: Called Strike 1-1: Swinging Strike 1-2: Foul Ball, location: 2F 1-2: Ball 2-2: Ball 3-2: Reached on error, E6 (Groundball, 6, EV 82.5 MPH)
|
|
Batting: RHB Mike Weeks
|
0-0: Ground out 5-3 (Groundball, 5L, EV 103.8 MPH)
|
|
Batting: SHB Nathan Clement
|
0-0: Called Strike 0-1: Ball 1-1: Swinging Strike 1-2: Strikes out swinging
|
|
Batting: RHB Erik Mulligan
|
0-0: Ball 1-0: Ground out 6-3 (Groundball, 6, EV 97.5 MPH)
|
| Bottom of the 4th over - 0 runs, 0 hits, 1 error, 1 left on base; State College 8 - West Virginia 0 |
| TOP OF THE 5TH |
|
State College Spikes batting - Pitching for West Virginia Black Bears : RHP Randy Nelligan
|
|
Pitching: RHP Pat Hall
|
|
|
Batting: RHB Juan Carrillo
|
0-0: Ball 1-0: Ground out 6-3 (Groundball, 6MD, EV 84.4 MPH)
|
|
Batting: RHB Ben Politi
|
0-0: Called Strike 0-1: Foul Ball, location: 2F 0-2: Ball 1-2: Strikes out swinging
|
|
Batting: RHB Nelson Salamanca
|
0-0: Foul Ball, location: 2F 0-1: Foul Ball, location: 2F 0-2: Strikes out looking
|
| Top of the 5th over - 0 runs, 0 hits, 0 errors, 0 left on base; State College 8 - West Virginia 0 |
| BOTTOM OF THE 5TH |
|
West Virginia Black Bears batting - Pitching for State College Spikes : LHP Eddie San Miguel
|
|
Batting: RHB Ryan Thurston
|
0-0: Ball 1-0: Ball 2-0: Ball 3-0: Called Strike 3-1: Base on Balls
|
|
Batting: LHB Norm Silveira-Wray
|
0-0: Called Strike 0-1: Ball Ryan Thurston steals 2nd base 1-1: Ball 2-1: Foul Ball, location: 2F 2-2: Strikes out looking
|
|
Batting: RHB Ryan LeSueur
|
0-0: Called Strike 0-1: Foul Ball, location: 2F 0-2: Strikes out swinging
|
|
Batting: LHB Kazuyoshi Ikeda
|
0-0: Swinging Strike 0-1: Foul Ball, location: 2F 0-2: Foul Ball, location: 2F 0-2: Ball 1-2: Foul Ball, location: 2F 1-2: 2-RUN HOME RUN (Flyball, 7LD, EV 95.0 MPH), Distance : 344 ft
|
|
Batting: RHB Edwardo Tanchez
|
0-0: Ball 1-0: Foul Ball, location: 2F 1-1: Swinging Strike 1-2: Ball 2-2: Strikes out swinging
|
| Bottom of the 5th over - 2 runs, 1 hit, 0 errors, 0 left on base; State College 8 - West Virginia 2 |
| TOP OF THE 6TH |
|
State College Spikes batting - Pitching for West Virginia Black Bears : RHP Pat Hall
|
|
Batting: LHB Ignacio Ocampo
|
0-0: Ground out 4-3 (Groundball, 4, EV 94.4 MPH)
|
|
Batting: RHB Shou-feng Chang
|
0-0: Ball 1-0: Ball 2-0: Ground out 4-3 (Groundball, 4M, EV 103.8 MPH)
|
|
Batting: SHB Bobby Mercado
|
0-0: Called Strike 0-1: Swinging Strike 0-2: Foul Ball, location: 2F 0-2: Strikes out swinging
|
| Top of the 6th over - 0 runs, 0 hits, 0 errors, 0 left on base; State College 8 - West Virginia 2 |
| BOTTOM OF THE 6TH |
|
West Virginia Black Bears batting - Pitching for State College Spikes : LHP Eddie San Miguel
|
|
Batting: RHB Joe Bower
|
0-0: Ball 1-0: Foul Ball, location: 2F 1-1: DOUBLE (Line Drive, 3D, EV 106.9 MPH)
|
|
Batting: RHB Mike Weeks
|
0-0: Swinging Strike 0-1: Ball 1-1: Called Strike 1-2: Ball 2-2: Foul Ball, location: 2F 2-2: SINGLE (Groundball, 34D, EV 104.4 MPH) (infield hit) Joe Bower to third
|
|
Batting: SHB Nathan Clement
|
0-0: Called Strike 0-1: Called Strike 0-2: Foul Ball, location: 2F 0-2: Ball 1-2: Foul Ball, location: 2F 1-2: Ball 2-2: Strikes out swinging
|
|
Batting: RHB Erik Mulligan
|
0-0: Ball Mike Weeks steals 2nd base 1-0: Ball 2-0: Called Strike 2-1: Foul Ball, location: 2F 2-2: Strikes out swinging
|
|
Pitching: LHP Tom White
|
|
|
Batting: RHB Ryan Thurston
|
0-0: Called Strike 0-1: Ball 1-1: Swinging Strike 1-2: Strikes out swinging
|
| Bottom of the 6th over - 0 runs, 2 hits, 0 errors, 2 left on base; State College 8 - West Virginia 2 |
| TOP OF THE 7TH |
|
State College Spikes batting - Pitching for West Virginia Black Bears : RHP Pat Hall
|
|
Batting: LHB Ken Morehead
|
0-0: Ball 1-0: Foul Ball, location: 2F 1-1: Called Strike 1-2: Ground out 1-3 (Groundball, 13S, EV 66.9 MPH)
|
|
Batting: SHB Justin Towry
|
0-0: SINGLE (Line Drive, 89S, EV 107.5 MPH)
|
|
Pitching: RHP Onne Stubbe
|
|
|
Batting: LHB Mike East
|
0-0: Called Strike 0-1: Ball 1-1: Swinging Strike 1-2: Foul Ball, location: 2F 1-2: Ball 2-2: Foul Ball, location: 2F 2-2: Foul Ball, location: 2F 2-2: Foul Ball, location: 2F 2-2: Ball 3-2: Strikes out looking Justin Towry is caught stealing 2nd base 2-6 Batter strikes out.
|
| Top of the 7th over - 0 runs, 1 hit, 0 errors, 0 left on base; State College 8 - West Virginia 2 |
| BOTTOM OF THE 7TH |
|
West Virginia Black Bears batting - Pitching for State College Spikes : LHP Tom White
|
|
Batting: LHB Norm Silveira-Wray
|
0-0: Called Strike 0-1: Ball 1-1: Ball 2-1: Fly out, F8 (Line Drive, 8RD, EV 110.6 MPH)
|
|
Batting: RHB Ryan LeSueur
|
0-0: Called Strike 0-1: Called Strike 0-2: Strikes out swinging
|
|
Batting: LHB Kazuyoshi Ikeda
|
0-0: Called Strike 0-1: Ball 1-1: SINGLE (Line Drive, 4D, EV 99.4 MPH)
|
|
Batting: RHB Edwardo Tanchez
|
0-0: Called Strike Kazuyoshi Ikeda steals 2nd base 0-1: Called Strike 0-2: Ball 1-2: Ground out 6-3 (Groundball, 6, EV 84.4 MPH)
|
| Bottom of the 7th over - 0 runs, 1 hit, 0 errors, 1 left on base; State College 8 - West Virginia 2 |
| TOP OF THE 8TH |
|
State College Spikes batting - Pitching for West Virginia Black Bears : RHP Onne Stubbe
|
|
Batting: RHB Juan Carrillo
|
0-0: Ground out 6-3 (Groundball, 6MD, EV 108.8 MPH)
|
|
Batting: RHB Ben Politi
|
0-0: Ball 1-0: Called Strike 1-1: Swinging Strike 1-2: Strikes out looking
|
|
Batting: RHB Nelson Salamanca
|
0-0: Ball 1-0: Ball 2-0: SINGLE (Groundball, 56D, EV 96.2 MPH)
|
|
Batting: LHB Ignacio Ocampo
|
0-0: Fly out, F7 (Flyball, 78S, EV 76.9 MPH)
|
| Top of the 8th over - 0 runs, 1 hit, 0 errors, 1 left on base; State College 8 - West Virginia 2 |
| BOTTOM OF THE 8TH |
|
West Virginia Black Bears batting - Pitching for State College Spikes : LHP Tom White
|
|
Batting: RHB Joe Bower
|
0-0: Ball 1-0: Foul Ball, location: 2F 1-1: Foul Ball, location: 2F 1-2: Foul Ball, location: 2F 1-2: Ball 2-2: Strikes out swinging
|
|
Batting: RHB Mike Weeks
|
0-0: Called Strike 0-1: Swinging Strike 0-2: Ball 1-2: Foul Ball, location: 2F 1-2: Strikes out swinging
|
|
Batting: SHB Nathan Clement
|
0-0: Called Strike 0-1: Ball 1-1: Swinging Strike 1-2: Ball 2-2: Foul Ball, location: 2F 2-2: Foul Ball, location: 2F 2-2: Strikes out swinging
|
| Bottom of the 8th over - 0 runs, 0 hits, 0 errors, 0 left on base; State College 8 - West Virginia 2 |
| TOP OF THE 9TH |
|
State College Spikes batting - Pitching for West Virginia Black Bears : RHP Onne Stubbe
|
|
Pitching: RHP Francisco Santos
|
|
|
Batting: RHB Shou-feng Chang
|
0-0: Ball 1-0: Foul Ball, location: 2F 1-1: Called Strike 1-2: Ball 2-2: Ball 3-2: Strikes out swinging
|
|
Batting: SHB Bobby Mercado
|
0-0: Foul Ball, location: 2F 0-1: Foul Ball, location: 2F 0-2: Ball 1-2: Ball 2-2: Foul Ball, location: 2F 2-2: Foul Ball, location: 2F 2-2: Ball 3-2: Base on Balls
|
|
Batting: LHB Ken Morehead
|
0-0: Called Strike Bobby Mercado steals 2nd base 0-1: Ball 1-1: Swinging Strike 1-2: Ball 2-2: Ball 3-2: Base on Balls
|
|
Batting: SHB Justin Towry
|
0-0: Called Strike 0-1: Swinging Strike 0-2: Foul Ball, location: 2F 0-2: Foul Ball, location: 2F 0-2: Ball 1-2: Strikes out swinging
|
|
Batting: LHB Mike East
|
0-0: Ball 1-0: Called Strike 1-1: Ball 2-1: Foul Ball, location: 2F 2-2: Ground out 4-3 (Groundball, 4D, EV 110.0 MPH)
|
| Top of the 9th over - 0 runs, 0 hits, 0 errors, 2 left on base; State College 8 - West Virginia 2 |
| BOTTOM OF THE 9TH |
|
West Virginia Black Bears batting - Pitching for State College Spikes : LHP Tom White
|
|
Batting: RHB Erik Mulligan
|
0-0: Called Strike 0-1: Ball 1-1: Ball 2-1: Foul Ball, location: 2F 2-2: Strikes out swinging
|
|
Batting: RHB Ryan Thurston
|
0-0: Ball 1-0: Called Strike 1-1: Ball 2-1: Ball 3-1: Swinging Strike 3-2: Base on Balls
|
|
Batting: LHB Norm Silveira-Wray
|
0-0: Called Strike 0-1: Ball 1-1: Foul Ball, location: 2F 1-2: Ball Wild Pitch! Ryan Thurston to second 2-2: Foul Ball, location: 2F 2-2: Strikes out swinging
|
|
Batting: RHB Ryan LeSueur
|
0-0: Ball 1-0: Called Strike 1-1: Ball 2-1: TRIPLE (Flyball, 7D, EV 99.4 MPH) Ryan Thurston scores
|
|
Pitching: RHP Rich Frontczak
|
|
|
Batting: LHB Kazuyoshi Ikeda
|
0-0: Ball 1-0: Ball 2-0: Foul Ball, location: 2F 2-1: Swinging Strike 2-2: Strikes out swinging
|
| Bottom of the 9th over - 1 run, 1 hit, 0 errors, 1 left on base; State College 8 - West Virginia 3 |
|